AoeStats
← pedrogragui

Arena

509570270Analyzed
2v2 RM · 6d ago on Sep 27, 2026· 27m 9s· 4 players
Game mode
Random Map
Map size
Medium (4 player)
Population
200
Speed
Normal
Resources
Standard
Victory
Conquest
Starting age
Dark Age
Ending age
Imperial Age
RankedLock teamsTeams togetherTeam positionsShared explorationLock speedFull tech treeHidden civsTurbo modeCheats
Victory
Defeat
🇫🇷 Teutons · France
605
+12
🇮🇪 Spanish · Ireland
453
+17
🇺🇸 Gurjaras · United States
504
-15
🇯🇵 Berbers · Japan
492
-14
DressyApollo635
8:19 Loom
10:05 Feudal Age
10:55 Double-Bit Axe
10:55 Horse Collar
13:25 Town Watch
16:58 Wheelbarrow
21:02 Castle Age
18:57 Stone Mining
19:03 Gold Mining
19:43 Fletching
23:26 Bow Saw
23:19 Heavy Plow
23:19 Bodkin Arrow
24:01 Murder Holes
26:13 Masonry
lilith
7:36 Loom
10:50 Feudal Age
14:55 Town Watch
18:50 Castle Age
18:14 Wheelbarrow
18:42 Bloodlines
21:19 Fletching
N{o}No
0:30 Loom
11:28 Feudal Age
11:54 Double-Bit Axe
11:50 Horse Collar
18:17 Castle Age
16:21 Stone Mining
17:59 Gold Mining
18:04 Fletching
19:03 Heavy Plow
19:16 Bow Saw
21:14 Fervor
21:45 Stone Shaft Mining
24:05 Wheelbarrow
24:30 Redemption
26:39 Bodkin Arrow
pedrogragui
8:15 Loom
10:35 Feudal Age
12:00 Wheelbarrow
11:13 Double-Bit Axe
19:06 Scale Barding Armor
19:12 Forging
19:02 Man-at-Arms
22:51 Castle Age
25:55 Iron Casting
25:41 Chain Barding Armor
25:24 Husbandry
24:44 Light Cavalry
Connection lost

Rejoining the realm…

Still unreachable

The connection could not be restored.

Session expired

The server has moved on; the page needs a fresh start.